 Dungeon Crawl Stone Soup version 0.23.1-37-gaa34b87b72 (webtiles) character file.

Game seed: 9886281414084632973

177141 PentaManta the Sniper (level 18, -25/125 HPs)
             Began as a Kobold Hunter on Mar 21, 2019.
             Was the Champion of Okawaru.
             Shot with an arrow by a deep elf master archer (26 damage)
             ... on level 3 of the Elven Halls.
             The game lasted 02:54:27 (40870 turns).

PentaManta the Sniper (Kobold Hunter)              Turns: 40870, Time: 02:54:27

Health: -25/125    AC: 22    Str:  7    XL:     18   Next: 82%
Magic:  17/18      EV: 32    Int: 13    God:    Okawaru [******]
Gold:   2966       SH:  3    Dex: 24    Spells: 15/17 levels left

rFire    + + +     SeeInvis +   x - +4 quick blade (freeze)
rCold    x . .     Gourm    .   (shield restricted)
rNeg     . . .     Faith    .   i - +3 ring mail of Inviolability {rElec rF+++ Str-3 Dex+4}
rPois    +         Spirit   .   p - +2 helmet
rElec    +         Reflect  +   W - +2 cloak {rPois}
rCorr    .         Harm     .   B - +2 pair of gloves {archery}
MR       +....                  R - +0 pair of boots
Stlth    +++++.....             P - +3 amulet of reflection
HPRegen  0.30/turn              V - ring "Dyeruwal" {Fire +Blink Str-2 Slay+5 SInv}
MPRegen  0.16/turn              E - +5 ring of protection

@: heroism, very slightly contaminated
A: small, carnivore, [deformed body], [no potion heal 2]
a: Heroism, Finesse, Renounce Religion, Evoke Blink


You were on level 3 of the Elven Halls.
You worshipped Okawaru.
Okawaru was exalted by your worship.
You were not hungry.

You visited 8 branches of the dungeon, and saw 30 of its levels.
You visited the Abyss 1 time.
You also visited: Ice Cave.

You collected 3724 gold pieces.
You spent 758 gold pieces at shops.

Inventory:

Hand Weapons
 a - the +2 arbalest of Ewnef {velocity, Int+5 SInv}
   (Okawaru gifted it to you on level 15 of the Dungeon)

   Any bolt fired from it inflicts extra damage.
   It affects your intelligence (+5).
   It lets you see invisible.
 s - the +5 arbalest of the Traitor {elec, rF+ rC++}
   (Okawaru gifted it to you on level 3 of the Elven Halls)

   It charges the ammunition it shoots with electricity; occasionally upon a
   hit, such missiles may discharge and cause terrible harm.
   It protects you from fire.
   It greatly protects you from cold.
 x - a +4 quick blade of freezing (weapon)
 X - the +8 triple crossbow "Viucw" {velocity, *Drain rC+++ Dex-2 SInv}
   (Okawaru gifted it to you on level 6 of the Lair of Beasts)

   Any bolt fired from it inflicts extra damage.
   It affects your dexterity (-2).
   It renders you almost immune to cold.
   It lets you see invisible.
   It causes draining when unequipped.
Missiles
 L - 11 bolts
Armour
 i - the +3 ring mail of Inviolability (worn) {rElec rF+++ Str-3 Dex+4}
   (You found it on level 13 of the Dungeon)

   It affects your strength (-3).
   It affects your dexterity (+4).
   It renders you almost immune to fire.
   It insulates you from electricity.
 p - a +2 helmet (worn)
 B - a +2 pair of gloves of archery (worn)
 M - a scarf of spirit shield
 R - a +0 pair of boots (worn)
 U - the +1 crystal plate armour of Grace {Dex+3}
   (Okawaru gifted it to you on level 12 of the Dungeon)

   It affects your dexterity (+3).
 W - a +2 cloak of poison resistance (worn)
Jewellery
 q - an uncursed ring of protection from cold
 r - an uncursed ring of positive energy
 z - an uncursed ring of protection from cold
 E - a +5 ring of protection (right hand)
 G - a ring of Tender Moments {Int+3 SInv}
   (You found it on level 2 of the Abyss)

   [ring of see invisible]

   It affects your intelligence (+3).
   It lets you see invisible.
 P - a +3 amulet of reflection (around neck)
 V - the ring "Dyeruwal" (left hand) {Fire +Blink Str-2 Slay+5 SInv}
   (You took it off a deep elf mage on level 3 of the Elven Halls)

   [ring of fire]

   It enhances your fire magic.
   It affects your strength (-2).
   It affects your accuracy and damage with ranged weapons and melee attacks
   (+5).
   It protects you from fire.
   It makes you vulnerable to cold.
   It lets you see invisible.
   It lets you blink.
Wands
 u - a wand of digging (20)
 C - a wand of acid (3)
 F - a wand of iceblast (6)
 H - a wand of flame (60)
 J - a wand of enslavement (33)
 N - a wand of paralysis (18)
 Q - a wand of polymorph (22)
 S - a wand of clouds (6)
Scrolls
 h - 4 scrolls of amnesia
 k - a scroll of fog
 o - a scroll of blinking
 t - 9 scrolls of remove curse
 y - 3 scrolls of teleportation
 A - 4 scrolls of fear
 K - 5 scrolls of identify
 Y - 2 scrolls of silence
Potions
 b - 2 potions of ambrosia
 c - 5 potions of magic
 d - a potion of berserk rage
 e - 2 potions of cancellation
 g - a potion of haste
 j - a potion of flight
 l - 2 potions of curing
 m - 2 potions of mutation
 w - 5 potions of brilliance
 D - 3 potions of invisibility
 I - 4 potions of might
 O - 2 potions of lignification
 T - 2 potions of resistance
Comestibles
 f - 46 rations


   Skills:
 - Level 18.3(23.3) Fighting
 * Level 21.7(26.7) Crossbows
 + Level 19.9(24.9) Dodging
 - Level 8.2(13.2) Stealth


You had 15 spell levels left.
You knew the following spells:

 Your Spells              Type           Power        Failure   Level  Hunger
a - Blink                 Tloc           N/A          82%         2    ###....

Your spell library contained the following spells:

 Spells                   Type           Power        Failure   Level  Hunger
 Flame Tongue             Conj/Fire      #....        67%         1    ##.....
 Freeze                   Ice            #...         67%         1    ##.....
 Magic Dart               Conj           #...         67%         1    ##.....
 Shock                    Conj/Air       #...         67%         1    ##.....
 Call Imp                 Summ           #.......     82%         2    ###....
 Passwall                 Tmut/Erth      #.......     82%         2    ###....
 Slow                     Hex            #.......     82%         2    ###....
 Swiftness                Chrm/Air       #.......     82%         2    ###....
 Throw Flame              Conj/Fire      #.....       82%         2    ###....
 Conjure Flame            Conj/Fire      #.......     96%         3    ####...
 Dazzling Spray           Conj/Hex       #.....       96%         3    ####...
 Inner Flame              Hex/Fire       #.......     96%         3    ####...
 Mephitic Cloud           Conj/Pois/Air  #.......     96%         3    ####...
 Static Discharge         Conj/Air       #.......     96%         3    ####...
 Airstrike                Air            #.........   100%        4    #####..
 Cause Fear               Hex            #.........   100%        4    #####..
 Iskenderun's Mystic Bla  Conj           #.......     100%        4    #####..
 Leda's Liquefaction      Hex/Erth       #.........   100%        4    #####..
 Sticky Flame             Conj/Fire      #.......     100%        4    #####..
 Alistair's Intoxication  Tmut/Pois      #.......     100%        5    ######.
 Fireball                 Conj/Fire      #.........   100%        5    ######.
 Lightning Bolt           Conj/Air       #.........   100%        5    ######.
 Statue Form              Tmut/Erth      #........    100%        6    #######


Dungeon Overview and Level Annotations

Branches:
Dungeon (15/15)            Temple (1/1) D:7            Lair (6/6) D:11
 Shoals (1/4) Lair:3        Snake (1/4) Lair:3        Slime (1/5) Lair:5
    Orc (2/2) D:11            Elf (3/3) Orc:2        Vaults (0/5) D:13
 Depths (0/5) D:15

Altars:
Ashenzari
Cheibriados
Dithmenos
Elyvilon
Fedhas
Gozag
Hepliaklqana
Kikubaaqudgha
Makhleb
Nemelex Xobeh
Okawaru
Qazlal
Ru
Sif Muna
Trog
Uskayaw
Vehumet
Wu Jian
Xom
Yredelemnul
Zin
The Shining One
Beogh
Jiyva

Shops:
D:6 (   D:7 =[**[   D:11 }   Orc:2 *!!(   Elf:1 =}   Elf:3 =

Portals:
Hell: Lair:6
Trove: Elf:2 (show slimy rune of Zot)


Innate Abilities, Weirdness & Mutations

You are small and have problems with some larger weapons.
You are carnivorous and can eat meat at any time.
[Armour fits poorly on your strangely shaped body.]
[Potions are poor at restoring your health.]


Message History

Items here: ( )) [ a +0 long sword; a +0 shortbow; 20 arrows; a +0 leather armour The deep elf master archer shoots an arrow.
The arrow hits you!!
You see here an arrow.
You hit the deep elf master archer but do no damage.
You barely miss the deep elf master archer.
The deep elf master archer shoots an arrow.
The arrow hits you!!
Blink to where?
Press: ? - help, Dir - move target cursor, p - deep elf master archer You are very lightly contaminated with residual magic.
As you read the scroll of blinking, it crumbles to dust.
The deep elf master archer shoots an arrow.
The arrow hits you!!!
* * * LOW HITPOINT WARNING * * *
You see here an arrow.
The deep elf master archer shoots an arrow.
The arrow hits you!!
You die...

#...# #...# #..§#
#..e#####
#....)..####
#.......)..###
#.......[....##
##.(##........#
#...####(@.[.##
#....#####....#
##.....###....#
#.......#.#(.##
##............#
###......[...#
####.......#
#######)#########
#........)..#


You could see a deep elf master archer.

Vanquished Creatures
  A deep elf blademaster (Elf:3)
  A deep elf master archer (Elf:3)
  Gastronok (D:8)
  A tentacled starspawn (Abyss:3)
  3 deep elf sorcerers (Elf:3)
  2 deep elf elementalists (Elf:3)
  A reaper (IceCv)
  2 entropy weavers
  3 deep elf annihilators (Elf:3)
  2 deep elf demonologists
  A lorocyproca (Abyss:3)
  Azrael (Elf:1)
  A deep elf death mage (Elf:3)
  An ettin (D:15)
  A merfolk javelineer (Shoals:1)
  A deep elf high priest (Elf:3)
  Josephine (D:10)
  A vault guard (D:12)
  Harold (D:9)
  A great orb of eyes (D:15)
  Fannar (Orc:1)
  A naga warrior (Lair:3)
  6 hydras
  A catoblepas (D:13)
  4 anacondas
  7 two-headed ogres
  18 dancing weapons
  2 centaur warriors
  The ghost of nullius the Cleaver, a novice HOMo of Hepliaklqana (D:9)
  Erica (D:9)
  3 death yaks (Lair:5)
  A queen ant (Lair:3)
  2 ogre magi (D:15)
  5 tengu warriors
  5 orc high priests (Orc:2)
  A hell knight (D:15)
  Urug (Lair:3)
  A thrashing horror (Abyss:2)
  Nergalle (Orc:1)
  Sonja (Lair:4)
  The ghost of P0WERM0DE the Slicer, a journeyman VSFi of Uskayaw (D:11)
  11 deep elf knights
  A sixfirhy (Lair:6)
  An unseen horror (D:15)
  6 wizards
  2 sea snakes (Shoals:1)
  An obsidian statue (D:9)
  9 deep elf archers
  A naga ritualist (Lair:3)
  9 orc knights
  3 large abominations (Abyss:2)
  An orc sorcerer (Elf:1)
  4 oklob plants (Lair:5)
  48 deep elf magi
  10 ugly things
  2 cyclopes
  5 black mambas
  Psyche (D:9)
  3 orange demons (Lair:6)
  A water nymph (Shoals:1)
  2 ice statues (IceCv)
  A smoke demon (Lair:6)
  3 gargoyles
  3 spiny frogs
  9 komodo dragons
  A kobold demonologist (D:15)
  5 rime drakes (Lair:6)
  A redback zombie (D:15)
  A tengu conjurer (D:15)
  A red devil (Lair:6)
  2 ancient zymes
  A queen bee (D:9)
  3 efreet
  10 ice devils
  A merfolk (Shoals:1)
  3 trolls
  2 polar bears (Lair:6)
  3 meliai
  A wind drake (Shoals:1)
  2 hornets
  10 blink frogs
  Grinder (D:5)
  2 dream sheep (Lair:6)
  9 hippogriffs
  2 snapping turtles (Shoals:1)
  12 slime creatures
  3 water elementals
  2 air elementals
  2 shadows
  A redback (D:15)
  2 vampires (D:14)
  2 hogs (D:7)
  2 small abominations (Abyss:2)
  45 yaks
  20 humans
  5 wyverns
  8 fire elementals
  9 wraiths
  2 hungry ghosts
  5 vampire mosquitoes (D:15)
  2 basilisks (Lair:3)
  A neqoxec (Abyss:3)
  A naga (Snake:1)
  A warg (D:13)
  An acid dragon (D:14)
  7 porcupines
  19 water moccasins
  Duvessa (D:6)
  25 soldier ants
  12 hell hounds
  29 orc warriors
  3 sky beasts
  A black bear (D:11)
  A black bear (shapeshifter) (D:15)
  3 ice beasts
  An eye of draining (D:13)
  3 phantoms
  17 ogres
  2 necrophages
  5 boggarts (D:15)
  19 centaurs
  12 crocodiles
  2 big kobolds
  An elf zombie (D:7)
  An earth elemental (Elf:2)
  An elf skeleton (D:7)
  15 bullfrogs
  Dowan (D:6)
  4 scorpions
  18 killer bees
  A troll zombie (D:7)
  10 wights
  3 howler monkeys
  2 electric eels (Lair:2)
  6 crimson imps
  A quasit (D:15)
  3 bullfrog zombies
  4 centaur zombies
  3 human zombies (D:7)
  9 hounds
  5 jellies
  35 orc priests
  A bullfrog skeleton (D:13)
  7 centaur skeletons
  2 iguanas
  22 orc wizards
  28 worker ants
  A hound zombie (D:7)
  A mummy (D:7)
  A hound skeleton (D:6)
  A worker ant zombie (D:11)
  8 gnolls
  A howler monkey skeleton (D:11)
  18 adders
  2 shadow imps
  19 white imps
  6 ufetubi (IceCv)
  An ooze (D:2)
  An adder zombie (D:5)
  A worm (D:4)
  4 leopard geckos
  130 orcs
  4 bats
  3 giant cockroaches
  3 goblins
  7 hobgoblins
  15 jackals
  20 kobolds
  3 quokkas
  2 ball pythons
  3 frilled lizards
  A jackal skeleton (D:6)
  A leopard gecko skeleton (D:7)
  A leopard gecko zombie (D:8)
  An orc zombie (D:7)
  A quokka zombie (D:8)
  4 rats
1024 creatures vanquished.

Vanquished Creatures (collateral kills)
  A deep elf high priest (Elf:3)
1 creature vanquished.

Vanquished Creatures (others)
  A centaur warrior (D:13)
  2 deep elf magi
  A human (D:13)
  A centaur (D:15)
  5 white imps (IceCv)
  4 ufetubi (IceCv)
  10 fungi
  6 plants
  2 starspawn tentacles (Abyss:3)
32 creatures vanquished.

Grand Total: 1057 creatures vanquished

Notes
Turn   | Place    | Note
-------+----------+-------------------------------------------
     0 | D:1      | PentaManta the Kobold Hunter began the quest for the Orb.
     0 | D:1      | Reached XP level 1. HP: 12/12 MP: 1/1
    95 | D:1      | Reached XP level 2. HP: 18/18 MP: 2/2
    96 | D:1      | Reached skill level 5 in Crossbows
   838 | D:2      | Found a shimmering altar of Xom.
   878 | D:2      | Reached XP level 3. HP: 15/22 MP: 3/3
   915 | D:2      | Reached XP level 4. HP: 22/28 MP: 4/4
  1035 | D:2      | Found a shimmering altar of Xom.
  1035 | D:2      | Found a shimmering altar of Xom.
  1036 | D:2      | Found a shimmering altar of Xom.
  1979 | D:3      | Found a faded altar of an unknown god.
  2010 | D:3      | Reached XP level 5. HP: 25/32 MP: 5/5
  2107 | D:3      | Reached skill level 6 in Crossbows
  2832 | D:4      | Found an opulent altar of Gozag.
  3034 | D:4      | Reached XP level 6. HP: 15/38 MP: 6/6
  3347 | D:4      | Found a deep blue altar of Sif Muna.
  3400 | D:4      | Noticed a phantom
  3410 | D:4      | Killed a phantom
  3410 | D:4      | Reached skill level 5 in Dodging
  3454 | D:4      | Reached XP level 7. HP: 43/44 MP: 7/7
  3781 | D:5      | Entered Level 5 of the Dungeon
  3789 | D:5      | You fall through a shaft!
  3837 | D:6      | Found Jaxudeon's Antique Weapon Shoppe.
  3838 | D:6      | Noticed Duvessa
  3838 | D:6      | Noticed Dowan
  3869 | D:6      | Reached skill level 5 in Fighting
  3869 | D:6      | Reached skill level 7 in Crossbows
  3985 | D:6      | Killed Duvessa
  3988 | D:6      | Killed Dowan
  4536 | D:6      | Reached XP level 8. HP: 49/50 MP: 8/8
  4604 | D:6      | Found a deep blue altar of Sif Muna.
  4621 | D:6      | Found a radiant altar of Vehumet.
  4731 | D:6      | Found a blossoming altar of Fedhas.
  4784 | D:6      | Got a smoking golden ring
  4981 | D:5      | Noticed Grinder
  4994 | D:5      | Killed Grinder
  4994 | D:5      | Reached skill level 8 in Crossbows
  5435 | D:5      | Found a shattered altar of Ashenzari.
  5536 | D:5      | Found an iron altar of Okawaru.
  5556 | D:5      | Became a worshipper of Warmaster Okawaru
  5564 | D:5      | Reached XP level 9. HP: 35/57 MP: 9/9
  5640 | D:5      | Reached skill level 9 in Crossbows
  5997 | D:7      | Found Usoclei's General Store.
  6072 | D:7      | Found Josaa's Armour Emporium.
  6083 | D:7      | Bought a +1 pair of gloves of archery for 214 gold pieces
  6194 | D:7      | Reached * piety under Okawaru
  6208 | D:7      | Found a staircase to the Ecumenical Temple.
  6242 | D:7      | Found Roove's Assorted Antiques.
  6255 | D:7      | Bought a fuming dark potion for 24 gold pieces
  6255 | D:7      | Bought a brown potion for 24 gold pieces
  6255 | D:7      | Bought a scroll labeled JESSIP SULUMYU for 27 gold pieces
  6368 | D:7      | Reached skill level 10 in Crossbows
  6507 | D:7      | Reached ** piety under Okawaru
  6627 | D:7      | Found a hazy altar of Hepliaklqana.
  6735 | D:7      | Reached XP level 10. HP: 65/65 MP: 10/10
  6746 | D:7      | Found Achiggir's Jewellery Shoppe.
  6815 | D:7      | Found Bumn's Antique Armour Shoppe.
  7296 | D:7      | Found an ancient bone altar of Kikubaaqudgha.
  7436 | D:8      | Reached skill level 10 in Dodging
  7450 | D:8      | Found an ornate altar of the Wu Jian Council.
  7451 | D:8      | Noticed Gastronok
  7471 | D:8      | Killed Gastronok
  7471 | D:8      | Reached *** piety under Okawaru
  7471 | D:8      | Reached **** piety under Okawaru
  7471 | D:8      | Reached skill level 11 in Crossbows
  7584 | D:8      | Reached skill level 10 in Fighting
  7593 | D:8      | Noticed a two-headed ogre
  7601 | D:8      | Killed a two-headed ogre
  7601 | D:8      | Reached XP level 11. HP: 57/72 MP: 11/11
  7693 | D:8      | Identified the ring "Doohul" {Ice MR+} (You found it on
                  | level 6 of the Dungeon)
  8025 | D:9      | Found a blossoming altar of Fedhas.
  8040 | D:9      | Received a gift from Okawaru
  8264 | D:9      | Noticed Harold
  8268 | D:9      | Reached skill level 12 in Crossbows
  8277 | D:9      | Noticed Psyche
  8283 | D:9      | Noticed Erica
  8308 | D:9      | Killed Psyche
  8381 | D:9      | Got a dazzling dagger
  8479 | D:9      | Noticed an obsidian statue
  8551 | D:9      | Killed Harold
  8747 | D:9      | Identified the +7 dagger of Fate {drain, Dex+4} (You found
                  | it on level 9 of the Dungeon)
  8751 | D:9      | Killed Erica
  8751 | D:9      | Reached ***** piety under Okawaru
  8871 | D:9      | Found a transporter.
  8877 | D:9      | Found a transporter.
  8879 | D:9      | Noticed nullius's ghost (novice HOMo)
  9228 | D:9      | Noticed a sixfirhy
  9229 | D:9      | Killed an obsidian statue
  9278 | D:10     | Entered Level 10 of the Dungeon
  9278 | D:10     | Noticed a two-headed ogre
  9296 | D:9      | Received a gift from Okawaru
  9541 | D:10     | Reached skill level 13 in Crossbows
  9585 | D:10     | Reached XP level 12. HP: 80/80 MP: 12/12
  9619 | D:10     | Received a gift from Okawaru
  9694 | D:10     | Killed a two-headed ogre
  9701 | D:10     | Noticed Josephine
  9882 | D:10     | Received a gift from Okawaru
  9884 | D:10     | Killed Josephine
 10045 | D:10     | Found a roughly hewn altar of Beogh.
 10531 | D:11     | Noticed a two-headed ogre
 10698 | D:11     | Found Fompopn's Gadget Shop.
 10757 | D:11     | Received a gift from Okawaru
 10837 | D:11     | Found a runed translucent gate.
 10837 | D:11     | Found a runed translucent gate.
 10902 | D:11     | Found a runed translucent gate.
 10911 | D:11     | Noticed P0WERM0DE's ghost (journeyman VSFi)
 10947 | D:11     | Reached skill level 14 in Crossbows
 10998 | D:11     | Found a staircase to the Orcish Mines.
 11055 | D:11     | Received a gift from Okawaru
 11099 | D:11     | Found a roughly hewn altar of Beogh.
 11375 | D:11     | Killed a two-headed ogre
 11555 | D:11     | Reached XP level 13. HP: 87/87 MP: 13/13
 11641 | D:11     | Found a staircase to the Lair.
 12501 | D:12     | Noticed a four-headed hydra
 12515 | D:12     | Killed a four-headed hydra
 12524 | D:12     | Identified a scroll of acquirement
 12525 | D:12     | Got a scintillating copper amulet
 12526 | D:12     | Identified the amulet "Unycycru" {Reflect *Corrode Int+8
                  | SH+3} (You acquired it on level 12 of the Dungeon)
 12836 | D:12     | Received a gift from Okawaru
 12839 | D:12     | Got a faintly glowing crystal plate armour {god gift}
 12851 | D:12     | Identified the +1 crystal plate armour of Grace {Dex+3}
                  | (Okawaru gifted it to you on level 12 of the Dungeon)
 13007 | D:12     | Reached skill level 15 in Crossbows
 13362 | D:13     | Noticed a centaur warrior
 13574 | D:13     | Noticed a vault guard
 13588 | D:12     | Killed a centaur warrior
 13692 | D:12     | Killed a vault guard
 13998 | D:13     | Got a fine ring mail
 14284 | D:13     | Noticed a centaur warrior
 14290 | D:13     | Killed a centaur warrior
 14394 | D:13     | Identified the +3 ring mail of Inviolability {rElec rF+++
                  | Str-3 Dex+4} (You found it on level 13 of the Dungeon)
 14507 | D:13     | Reached skill level 15 in Dodging
 14513 | D:13     | Noticed a centaur warrior
 14518 | D:13     | Killed a centaur warrior
 14577 | D:13     | Noticed a catoblepas
 14610 | D:13     | Killed a catoblepas
 14740 | D:13     | Reached XP level 14. HP: 82/96 MP: 12/14
 15324 | D:13     | Received a gift from Okawaru
 15324 | D:13     | Reached skill level 16 in Crossbows
 15947 | D:13     | Found a gate to the Vaults.
 17026 | D:14     | Received a gift from Okawaru
 17861 | D:14     | Found a shadowy altar of Dithmenos.
 18191 | D:15     | Entered Level 15 of the Dungeon
 18207 | D:15     | Received a gift from Okawaru
 18721 | D:15     | Reached skill level 15 in Fighting
 18750 | D:15     | Received a gift from Okawaru
 18873 | D:15     | Received a gift from Okawaru
 18873 | D:15     | Reached skill level 17 in Crossbows
 18877 | D:15     | Got a twisted arbalest {god gift}
 18878 | D:15     | Identified the +2 arbalest of Ewnef {velocity, Int+5 SInv}
                  | (Okawaru gifted it to you on level 15 of the Dungeon)
 18954 | D:15     | Found a staircase to the Depths.
 19064 | D:15     | Reached XP level 15. HP: 92/103 MP: 12/15
 19752 | Temple   | Entered the Ecumenical Temple
 20000 | D:7      | Bought a +3 amulet of reflection for 188 gold pieces
 20125 | Lair:1   | Entered Level 1 of the Lair of Beasts
 20667 | Lair:1   | Learned a level 2 spell: Blink
 20797 | D:9      | Killed nullius's ghost
 20935 | D:11     | Killed P0WERM0DE's ghost
 21027 | Orc:1    | Entered Level 1 of the Orcish Mines
 21564 | Orc:1    | Noticed Fannar
 21577 | Orc:1    | Killed Fannar
 21622 | Orc:1    | Noticed Nergalle
 21633 | Orc:1    | Killed Nergalle
 21827 | Orc:2    | Entered Level 2 of the Orcish Mines
 22191 | Orc:2    | Found a staircase to the Elven Halls.
 22306 | Orc:2    | Received a gift from Okawaru
 22485 | Orc:2    | Found a bloodstained altar of Trog.
 23876 | Orc:2    | Reached ****** piety under Okawaru
 23988 | Orc:2    | Found Wettexaupp's Antique Weapon Boutique.
 23988 | Orc:2    | Found Giffeb's Assorted Antiques.
 23989 | Orc:2    | Found Xaxab's Distillery.
 23989 | Orc:2    | Found Kiaqumot's Distillery.
 23997 | Orc:2    | Bought a potion of curing for 51 gold pieces
 23997 | Orc:2    | Bought a potion of curing for 51 gold pieces
 23997 | Orc:2    | Bought a potion of curing for 51 gold pieces
 23999 | Orc:2    | Bought a potion of curing for 48 gold pieces
 23999 | Orc:2    | Bought a potion of heal wounds for 80 gold pieces
 24282 | Lair:2   | Received a gift from Okawaru
 24282 | Lair:2   | Reached skill level 18 in Crossbows
 24936 | Lair:3   | Found a frozen archway.
 24952 | IceCv    | Entered an ice cave
 25980 | IceCv    | Reached skill level 5 in Stealth
 26043 | IceCv    | Noticed a reaper
 26052 | IceCv    | Killed a reaper
 26052 | IceCv    | Received a gift from Okawaru
 26447 | Lair:3   | Reached XP level 16. HP: 97/110 MP: 16/16
 26563 | Lair:3   | Found a staircase to the Shoals.
 26703 | Lair:3   | Noticed Urug
 26717 | Lair:3   | Killed Urug
 26802 | Lair:3   | Found a staircase to the Snake Pit.
 26939 | Lair:3   | Received a gift from Okawaru
 26988 | Lair:3   | Got a shimmering ring mail
 26999 | Lair:3   | Identified the +3 ring mail of the Catamount {rElec} (You
                  | found it on level 3 of the Lair of Beasts)
 27368 | Snake:1  | Entered Level 1 of the Snake Pit
 27394 | Shoals:1 | Entered Level 1 of the Shoals
 27410 | Lair:4   | Noticed Sonja
 27415 | Lair:4   | Killed Sonja
 28641 | Lair:4   | Received a gift from Okawaru
 28894 | Lair:4   | Got a wavering copper amulet
 28896 | Lair:4   | Identified the amulet of Reanuv {Spirit Str+5} (You
                  | acquired it on level 4 of the Lair of Beasts)
 29263 | Lair:5   | Found a viscous altar of Jiyva.
 29264 | Lair:5   | Found a staircase to the Slime Pits.
 30450 | Lair:6   | Entered Level 6 of the Lair of Beasts
 31033 | Lair:6   | Identified the Compendium of the Fetching Frostbite
 31080 | Lair:6   | Received a gift from Okawaru
 31226 | Lair:6   | Received a gift from Okawaru
 31242 | Lair:6   | Got a transparent triple crossbow {god gift}
 31250 | Lair:6   | Identified the +8 triple crossbow "Viucw" {velocity, *Drain
                  | rC+++ Dex-2 SInv} (Okawaru gifted it to you on level 6 of
                  | the Lair of Beasts)
 31277 | Lair:6   | Found a burning altar of Makhleb.
 31308 | Lair:6   | Found a gateway to Hell.
 31448 | Lair:6   | Reached skill level 19 in Crossbows
 32001 | Slime:1  | Entered Level 1 of the Pits of Slime
 32051 | Snake:1  | Reached XP level 17. HP: 117/117 MP: 17/17
 33075 | Elf:1    | Entered Level 1 of the Elven Halls
 33173 | Elf:1    | Received a gift from Okawaru
 33182 | Elf:1    | Got a pair of translucent gloves {god gift}
 33193 | Elf:1    | Identified the +1 pair of gloves of Qiwkockyqimm {-Tele
                  | MP+9 Str+8} (Okawaru gifted it to you on level 1 of the
                  | Elven Halls)
 33460 | Elf:1    | Found a deep blue altar of Sif Muna.
 33694 | Elf:1    | Noticed Azrael
 33771 | Elf:1    | Killed Azrael
 34010 | Elf:1    | Found Huwazigesa's Jewellery Boutique.
 34010 | Elf:1    | Found Tozeifar's Gadget Shoppe.
 34011 | Elf:1    | Found Onahuelu's Gadget Shoppe.
 34515 | Elf:1    | Noticed a Hell Sentinel
 34850 | Elf:1    | Reached skill level 20 in Crossbows
 35879 | Elf:2    | Identified the Handbook of Sand
 35894 | Elf:2    | Identified the Papyrus of Dhcmrlchtdj
 35925 | Elf:2    | Identified the Volume of Axaxaxas mlö
 35929 | Elf:2    | Found a portal to a secret trove of treasure.
 36030 | Elf:2    | Received a gift from Okawaru
 36078 | Elf:2    | Found a runed translucent gate.
 36078 | Elf:2    | Found a runed translucent gate.
 36079 | Elf:2    | Found a runed translucent gate.
 36125 | Elf:2    | Found an ancient bone altar of Kikubaaqudgha.
 36689 | Elf:3    | Entered Level 3 of the Elven Halls
 36880 | Elf:2    | Reached XP level 18. HP: 114/124 MP: 18/18
 37601 | Elf:3    | Found Dumenena's Jewellery Shoppe.
 38431 | Elf:3    | Received a gift from Okawaru
 38808 | Elf:3    | Received a gift from Okawaru
 38811 | Elf:3    | Got an ancient arbalest {god gift}
 38832 | Elf:3    | Identified the +5 arbalest of the Traitor {elec, rF+ rC++}
                  | (Okawaru gifted it to you on level 3 of the Elven Halls)
 38977 | Elf:3    | Reached skill level 21 in Crossbows
 39206 | Elf:3    | Noticed a deep elf blademaster
 39681 | Elf:3    | Killed a deep elf blademaster
 39913 | Elf:3    | Noticed a deep elf master archer
 39927 | Elf:3    | Killed a deep elf master archer
 40240 | Elf:3    | Cast into level 2 of the Abyss (a deep elf sorcerer)
 40240 | Abyss:2  | Found a corrupted altar of Lugonu.
 40267 | Abyss:2  | Got a scintillating brass ring
 40565 | Abyss:3  | Found a transporter.
 40568 | Abyss:3  | Noticed a tentacled monstrosity
 40570 | Abyss:3  | Found a corrupted altar of Lugonu.
 40737 | Elf:3    | Escaped the Abyss
 40737 | Elf:3    | Identified the ring "Dyeruwal" {Fire +Blink Str-2 Slay+5
                  | SInv}
 40813 | Elf:3    | Noticed a deep elf master archer
 40817 | Elf:3    | Identified a ring of Tender Moments {Int+3 SInv} (You found
                  | it on level 2 of the Abyss)
 40833 | Elf:3    | Received a gift from Okawaru
 40863 | Elf:3    | Identified the +2 ring mail of Nitatt {+Inv rPois Int-4}
 40869 | Elf:3    | HP: 1/125 [deep elf master archer/arrow (40)]
 40870 | Elf:3    | Shot with an arrow by a deep elf master archer

Skill      XL: |  1  2  3  4  5  6  7  8  9 10 11 12 13 14 15 16 17 18 |
---------------+-------------------------------------------------------+-----
Crossbows      | 5 6 7 8 10 11 13 14 15 17 18 19 20 21 | 21.7
Dodging        | 3 4 5 6 7 9 11 12 13 15 16 17 18 19 | 19.9
Fighting       | 3 4 5 7 8 10 11 12 14 15 16 17 18 | 18.3
Stealth        | 5 8 |  8.2

Action                   |  1- 3 |  4- 6 |  7- 9 | 10-12 | 13-15 | 16-18 || total
-------------------------+-------+-------+-------+-------+-------+-------++-------
Melee: Short sword       |    25 |    40 |    18 |       |       |       ||    83
       Dagger            |       |       |       |    89 |   575 |       ||   664
       Punch             |       |       |       |       |     5 |     2 ||     7
       Quick blade       |       |       |       |       |       |   289 ||   289
 Fire: Hand crossbow     |    29 |   107 |   272 |   671 |    84 |       ||  1163
       Arbalest          |       |       |       |       |   936 |  1104 ||  2040
       Triple crossbow   |       |       |       |       |       |     1 ||     1
Throw: Throwing net      |       |       |       |     9 |       |       ||     9
Invok: Heroism           |       |       |     1 |    13 |    31 |    11 ||    56
       Finesse           |       |       |       |     3 |     5 |       ||     8
Evoke: Wand              |       |       |       |     4 |     8 |    34 ||    46
  Use: Scroll            |       |     5 |    10 |     5 |    19 |    28 ||    67
       Potion            |       |       |       |     1 |     6 |    12 ||    19
 Stab: Sleeping          |     1 |       |       |       |       |     1 ||     2
       Held in net/web   |       |       |       |     1 |       |       ||     1
  Eat: Chunk             |       |     3 |    10 |    13 |    42 |    25 ||    93
       Ration            |       |     2 |     1 |       |     4 |    10 ||    17
Armor: Leather armour    |     4 |     8 |    22 |    45 |    50 |       ||   129
       Ring mail         |       |       |       |       |   178 |   228 ||   406
Dodge: Dodged            |    28 |    77 |   205 |   378 |  1263 |  1087 ||  3038
Block: Other             |       |       |       |       |   139 |   120 ||   259
       Reflection        |       |       |       |       |     9 |     4 ||    13
